 Dungeon Crawl Stone Soup version 0.29.1-15-g9cfb28693d (webtiles) character file.

Game seed: 8274724846174465

54 booth the Firebug (level 3, -1/24 HPs)
             Began as a Demonspawn Fire Elementalist on Mar 8, 2023.
             Was an Initiate of Gozag.
             Slain by Sigmund
             ... wielding a +0 scythe
              (5 damage)
             ... on level 2 of the Dungeon.
             The game lasted 00:11:37 (1720 turns).

booth the Firebug (Demonspawn Fire Elementalist)    Turns: 1720, Time: 00:11:38

Health: -1/24      AC:  4    Str:  8    XL:     3   Next: 66%
Magic:  3/6        EV: 12    Int: 18    God:    Gozag
Gold:   186        SH:  0    Dex: 13    Spells: 5/6 levels left

rFire   . . .      SeeInvis .   e - +0 mace
rCold   . . .      Faith    .   (no shield)
rNeg    . . .      Spirit   .   a - +0 robe
rPois   .          Reflect  .   (no helmet)
rElec   .          Harm     .   (no cloak)
rCorr   .          Rampage  .   (no gloves)
Will    .....                   (no boots)
Stlth   ++........              (no amulet)
HPRegen 0.08/turn               (no ring)
MPRegen 0.10/turn               (no ring)

@: no status effects
A: molten scales 1, demonic magic 1
a: Renounce Religion, Potion Petition, Call Merchant, Bribe Branch


You were on level 2 of the Dungeon.
You worshipped Gozag.
Gozag was aware of your devotion.
You visited 1 branch of the dungeon, and saw 2 of its levels.

You collected 186 gold pieces.

Inventory:

Hand Weapons
 e - a +0 mace (weapon)
Missiles
 i - 2 poisoned darts
Armour
 a - a +0 robe (worn)
 j - a +2 leather armour of willpower
Scrolls
 c - a scroll of identify {unknown}
 d - 2 scrolls of noise {unknown}
Potions
 b - a potion of magic
 f - a potion of curing
 h - a potion of mutation {unknown}
 k - a potion of attraction {unknown}


   Skills:
 + Level 0.4 Maces & Flails
 + Level 2.2 Dodging
 + Level 2.3 Stealth
 + Level 2.4 Spellcasting
 + Level 1.6 Conjurations
 * Level 3.1 Fire Magic


You had 5 spell levels left.
You knew the following spells:

 Your Spells              Type           Power      Damage    Failure   Level
a - Foxfire               Conj/Fire      40%        2x1d6     7%          1

Your spell library contained the following spells:

 Spells                   Type           Power      Damage    Failure   Level
 Scorch                   Fire           26%        2d6       8%          2
 Beastly Appendage        Tmut           4%         N/A       17%         1
 Conjure Flame            Conj/Fire      10%        6-21      21%         3
 Blink                    Tloc           4%         N/A       26%         2
 Wereblood                Tmut           2%         N/A       26%         2
 Inner Flame              Hex/Fire       7%         N/A       28%         3
 Gell's Gravitas          Tloc           2%         N/A       45%         3
 Spider Form              Tmut/Pois      2%         N/A       45%         3
 Flame Wave               Conj/Fire      10%        2d6       54%         4
 Malign Gateway           Summ/Tloc      1%         N/A       100%        7


Dungeon Overview and Level Annotations

Branches:
Dungeon (2/15)

Altars:
Gozag

Shops:
D:2 *

Annotations:
D:2 Sigmund


Innate Abilities, Weirdness & Mutations

You are partially covered in molten scales. (AC +2)
Spells you cast may paralyse adjacent enemies.


Message History

Something hits you but does no damage.
Casting: Foxfire (safe; 7% risk of failure)
Confirm with . or Enter, or press ? or * to list all spells.
You conjure some foxfire!
Malevolent energies surge around you. Something hits you.
Your foxfire dissipates!
The foxfire hits something.
Something hits you.
Casting: Foxfire (safe; 7% risk of failure)
Confirm with . or Enter, or press ? or * to list all spells.
You conjure some foxfire!
Malevolent energies surge around you.
The foxfire hits something. x2; Something hits you!
You hear some strange, mumbled words.
Something tries to affect you, but you resist.
You barely miss something. Something hits you but does no damage.
You miss something. Something hits you but does no damage.
You miss something. Something hits you.
You barely miss something. Something hits you.
You barely miss something. Something hits you.
* * * LOW HITPOINT WARNING * * *
Casting: Foxfire (safe; 7% risk of failure)
Confirm with . or Enter, or press ? or * to list all spells.
You conjure some foxfire!
Malevolent energies surge around you.
Your foxfire dissipates!
Sigmund appears from thin air!
Reactivating autopickup.
The foxfire hits Sigmund.
Sigmund is moderately wounded.
Sigmund gestures at you while chanting.
You are confused.
It was a potion of curing.
You feel better.
Sigmund hits you from afar with a +0 scythe!
* * * LOW HITPOINT WARNING * * *
Okay, then.
Unknown command.
Casting: Foxfire (safe; 7% risk of failure)
Confirm with . or Enter, or press ? or * to list all spells.
You conjure some foxfire!
Malevolent energies surge around you.
Sigmund hits you from afar with a +0 scythe.
You die...
Your body crumbles into a pile of gold.

########## #........#
#######.######.# #..........#
#.# #..........###.# .......
#..........<...# .......
#..........##### .......
#..v...........# .......
#.@v........##.# .......###
##.#....#.#.##.# .........#
#@#.##.#.#.##.# .........#
#.#......#.##.#
.........######.########.##.#
.........#...............##.#
.........#..{............##.#
.........'...........>......#
.......[.#...............####


You could see Sigmund (ally target).

Vanquished Creatures
  A gnoll (D:1)
  An adder (D:2)
  A dart slug (D:2)
  3 ball pythons (D:1)
  8 bats
  An endoplasm (D:1)
  A giant cockroach (D:1)
  A goblin (D:1)
  3 hobgoblins
  2 quokkas (D:1)
  2 frilled lizards (D:1)
  5 kobolds
  4 rats
33 creatures vanquished.

Vanquished Creatures (others)
  76 foxfires
76 creatures vanquished.

Grand Total: 109 creatures vanquished

Notes
Turn   | Place    | Note
-------+----------+-------------------------------------------
     0 | D:1      | booth the Demonspawn Fire Elementalist began the quest for
                  | the Orb.
     0 | D:1      | Reached XP level 1. HP: 13/13 MP: 3/3
    37 | D:1      | Got Ocruujont's Vellum of Elsewhere
   314 | D:1      | Gained mutation: Spells you cast may paralyse adjacent
                  | enemies. [demonic ancestry]
   314 | D:1      | Reached XP level 2. HP: 2/19 MP: 0/5
   723 | D:1      | Found a faded altar of an unknown god.
   737 | D:1      | Prayed at the altar of an unknown god.
   737 | D:1      | Became a worshipper of Gozag Ym Sagoz the Greedy
  1002 | D:1      | Reached skill level 3 in Fire Magic
  1002 | D:1      | Gained mutation: You are partially covered in molten
                  | scales. (AC +2) [demonic ancestry]
  1002 | D:1      | Reached XP level 3. HP: 24/24 MP: 1/6
  1147 | D:2      | Found Ycugh's Assorted Antiques.
  1684 | D:2      | Noticed Sigmund
  1720 | D:2      | Slain by Sigmund

Illustrated notes

Levels and vault maps discovered:
D:1:      minmay_arrival_cross, layout_basic, ebering_ecumenical_altar_box
D:2:      layout_basic, serial_shops, nicolae_shop_trees, uniq_sigmund

Skill      XL: |  1  2 |
---------------+-------+-----
Stealth        | 2 |  2.3
Dodging        | 2 |  2.2
Fire Magic     | 3 |  3.1
Maces & Flails | |  0.4
Spellcasting   | |  2.4
Conjurations   | |  1.6

Action                   || total
-------------------------++-------
Melee: Unarmed           ||    14
       Mace              ||    23
 Cast: Foxfire           ||    45
  Use: Scroll            ||     4
       Potion            ||     1
 Stab: Paralysed         ||     5
Armor: Robe              ||    17
Dodge: Dodged            ||    27
